 Seeded DCSS version 0.29-a0-82-g837932c90e (webtiles) character file.

Game seed: 10000000000011 (custom seed)

135259 knot the Executioner (level 16, -32/104 HPs)
             Began as a Demonspawn Berserker on Feb 5, 2022.
             Was a High Priest of Trog.
             Blown up by an orb spider (47 damage)
             ... with an orb of destruction
             ... on level 1 of the Spider Nest.
             The game lasted 01:11:00 (44698 turns).

knot the Executioner (Demonspawn Berserker)        Turns: 44698, Time: 01:11:00

Health: -32/104    AC: 16    Str: 14 (18) XL:     16   Next: 64%
Magic:  0/26       EV: 12    Int: 18 (22) God:    Trog [*****.]
Gold:   2480       SH:  5    Dex: 10 (12) Spells: 15/15 levels left

rFire   . . .      SeeInvis +   U - +6 executioner's axe (venom)
rCold   . . .      Faith    .   (shield currently unavailable)
rNeg    . . .      Spirit   +   M - +1 leather armour "Gaecheitt" {SInv}
rPois   +          Reflect  +   C - +3 hat of Pondering {ponderous, Will+ MP+10 Int+5}
rElec   .          Harm     .   Z - +1 cloak {rPois}
rCorr   +          Rampage  .   (gloves unavailable)
Will    ++...                   k - +2 pair of boots
Stlth   +.........              d - amulet of reflection
HPRegen 0.27/turn               Q - ring of resist corrosion
MPRegen 0.40/turn               c - +4 ring of protection

@: on berserk cooldown, slowed, very slow
A: powered by death 2, magic shield, magic regeneration, magic link, sturdy
frame 2, demonic touch 3
a: Renounce Religion, Berserk, Trog's Hand, Brothers in Arms


You were on level 1 of the Spider Nest.
You worshipped Trog.
Trog was extremely pleased with you.
You visited 4 branches of the dungeon, and saw 24 of its levels.
You also visited: Gauntlet.

You collected 2820 gold pieces.
You spent 340 gold pieces at shops.

Inventory:

Hand Weapons
 l - a +3 scimitar of flaming
 L - a +0 vampiric battleaxe
 U - a +6 executioner's axe of venom (weapon)
Missiles
 i - 11 curare-tipped darts
 p - 165 stones (quivered)
 v - 88 sling bullets
 A - 8 poisoned darts
 B - 2 throwing nets
 F - 3 atropa-tipped darts
 R - 4 javelins
Armour
 k - a +2 pair of boots (worn)
 C - the +3 hat of Pondering (worn) {ponderous, Will+ MP+10 Int+5}
   (You found it on level 8 of the Dungeon)

   Int:       It affects your intelligence (+5).
   MP:        It affects your magic capacity (+10).
   Will:      It increases your willpower.
 M - the +1 leather armour "Gaecheitt" (worn) {SInv}
   (You found it on level 5 of the Lair of Beasts)

   SInv:      It lets you see invisible.
 Z - a +1 cloak of poison resistance (worn)
Jewellery
 b - a ring of willpower
 c - a +4 ring of protection (right hand)
 d - an amulet of reflection (around neck)
 x - a +6 ring of strength
 K - a ring of flight
 Q - a ring of resist corrosion (left hand)
Wands
 f - a wand of mindburst (6)
 q - a wand of flame (58)
 r - a wand of charming (10)
 u - a wand of polymorph (14)
 w - a wand of iceblast (20)
 G - a wand of paralysis (1)
 J - a wand of digging (4)
 S - a wand of acid (11)
Scrolls
 g - a scroll of summoning
 m - 4 scrolls of blinking
 n - 3 scrolls of fog
 o - 3 scrolls of holy word
 t - 4 scrolls of teleportation
 y - 2 scrolls of magic mapping
 H - a scroll of fear
 I - a scroll of torment
 V - 3 scrolls of identify
 X - a scroll of enchant armour
 Y - 2 scrolls of silence
Potions
 a - a potion of berserk rage
 e - 2 potions of curing
 h - 2 potions of mutation
 j - 3 potions of might
 s - 2 potions of brilliance
 z - 3 potions of resistance
 D - 6 potions of attraction
 E - 2 potions of flight
 P - 2 potions of invisibility
 T - a potion of cancellation
 W - 2 potions of ambrosia


   Skills:
 - Level 3.0 Fighting
 * Level 25.2 Axes
 - Level 10.2 Throwing
 - Level 1.7 Armour
 - Level 1.7 Dodging


You had 15 spell levels left.
You didn't know any spells.
Your spell library contained the following spells:

 Spells                   Type           Power      Damage    Failure   Level
 Foxfire                  Conj/Fire      0%         2x1d4     22%         1
 Pain                     Necr           0%         1d4       22%         1
 Sandblast                Erth           0%         2d4       22%         1
 Slow                     Hex            0%         N/A       22%         1
 Corpse Rot               Necr/Air       0%         N/A       32%         2
 Ensorcelled Hibernation  Hex/Ice        0%         N/A       32%         2
 Passwall                 Tmut/Erth      0%         N/A       32%         2
 Poisonous Vapours        Pois/Air       0%         N/A       32%         2
 Static Discharge         Conj/Air       0%         N/A       32%         2
 Confusing Touch          Hex            0%         N/A       54%         3
 Conjure Flame            Conj/Fire      0%         6-21      54%         3
 Dazzling Flash           Conj/Hex       0%         N/A       54%         3
 Inner Flame              Hex/Fire       0%         N/A       54%         3
 Ozocubu's Armour         Ice            0%         N/A       54%         3
 Stone Arrow              Conj/Erth      0%         3d7       54%         3
 Summon Guardian Golem    Hex/Summ       0%         N/A       54%         3
 Swiftness                Air            0%         N/A       54%         3
 Tukima's Dance           Hex            0%         N/A       54%         3
 Vampiric Draining        Necr           0%         2d6       54%         3
 Anguish                  Hex/Necr       0%         N/A       91%         4
 Animate Armour           Summ/Erth      0%         N/A       91%         4
 Flame Wave               Conj/Fire      0%         2d4       91%         4
 Passage of Golubria      Tloc           0%         N/A       91%         4
 Agony                    Necr           0%         N/A       99%         5
 Excruciating Wounds      Necr           0%         N/A       99%         5
 Fireball                 Conj/Fire      0%         3d3       99%         5
 Lightning Bolt           Conj/Air       0%         1d11      99%         5
 Metabolic Englaciation   Hex/Ice        0%         N/A       99%         5
 Silence                  Hex/Air        0%         N/A       99%         5
 Yara's Violent Unravell  Hex/Tmut       0%         3d3       99%         5
 Simulacrum               Ice/Necr       0%         N/A       100%        6
 Starburst                Conj/Fire      0%         6d3       100%        6
 Enfeeble                 Hex            0%         N/A       100%        7
 Orb of Destruction       Conj           0%         9d5       100%        7
 Spellforged Servitor     Conj/Summ      0%         N/A       100%        7
 Ignition                 Fire           0%         3d3       100%        8
 Lehudib's Crystal Spear  Conj/Erth      0%         10d2      100%        8
 Maxwell's Capacitive Co  Air            0%         ∞         100%        8


Dungeon Overview and Level Annotations

Branches:
Dungeon (15/15)            Temple (0/1) D:4            Lair (6/6) D:9
  Swamp (0/4) Lair:2       Spider (1/4) Lair:3        Slime (0/5) Lair:6
    Orc (2/2) D:12            Elf (0/3) Orc:2        Vaults (0/5) D:14
 Depths (0/4) D:15        Gauntlet (visited)

Altars:
Dithmenos
Hepliaklqana
Kikubaaqudgha
Okawaru
Ru
Uskayaw

Shops:
D:3 [   D:8 :   Orc:2 (([(

Annotations:
Lair:3 3 runed translucent doors, Caeppaus's ghost, journeyman GrFi; Xetequo's ghost, journeyman MiFi


Innate Abilities, Weirdness & Mutations

You regenerate health from kills.
When hurt, damage is shared between your health and your magic reserves.
You regenerate magic rapidly.
When low on magic, you restore magic in place of health.
Your movements are less encumbered by armour. (ER -4)
Your touch may irresistibly damage your foes and sap their willpower.


Message History

Failed to move towards target.
Failed to move towards target.
Unknown command.
Unknown command.
There are monsters nearby!
There are monsters nearby!
Unknown command.
The orb of destruction hits you!!!
The orb spider begins to weave its threads into a brightly glowing ball.
A red film seems to cover your vision as you go berserk!
You feel yourself moving faster!
You feel mighty!
The orb spider weaves a glowing orb of energy.
An orb of destruction comes into view.
There are monsters nearby!
You are too berserk!
Unknown command.
You feel a strong urge to attack something.
The orb spider pulsates with a strange energy.
You feel your anger nearly subside. The orb of destruction hits you!!!
You are no longer berserk.
You are exhausted.
You feel yourself slow down.
The orb spider weaves a glowing orb of energy.
An orb of destruction comes into view.
The orb spider spins a strand of pure energy.
The orb of destruction hits you!!!
* * * LOW HITPOINT WARNING * * *
Unknown command.
Okay, then.
As you read the scroll of fog, it crumbles to dust.
The scroll dissolves into smoke.
You feel better.
Things that are here:
a +0 ring mail; a +0 robe; a +0 war axe The orb spider weaves a glowing orb of energy.
An orb of destruction comes into view.
There is a crawl-hole back to the Lair, spattered with blood here.
The orb of destruction hits you!!!
You die...

#.# #..## ##..^..^.. #(#
#^..#### ##....#..#. #.#
##..>.#.# #.......... #.#
##§......## #.......... #s#
#.#.......# #.^....^... #(#
###§.##....###.......... #°#
##§.§s.......##^.........
#.######s§§§§☼○.....##......#...
#.....°°°§§§§.[@#...............
######..§§§§§§...........#......
##....§§§§§§..................
#...#.§#§...........#########.
##......#^§.^.......##.[.#...##
#..........#.......##........^#
##.....#...^.......####.^.#...##
#......#...#....#.##.##^......##
###.............>.#....#.###.#..


You could see an orb spider.

Vanquished Creatures
  A sphinx (D:15)
  Kirke (D:12)
  A ghost moth (Spider:1)
  An ironbound preserver (D:14)
  2 broodmothers (Lair:3)
  4 entropy weavers
  A minotaur (Gauntlet)
  An ettin (D:15)
  A yaktaur captain (D:15)
  4 boulder beetles
  8 hydras
  3 ogre magi
  3 centaur warriors
  Harold (D:8)
  Erica (D:8)
  21 two-headed ogres
  12 death yaks
  A pharaoh ant (Spider:1)
  A skeletal warrior (D:13)
  2 deep trolls (Orc:2)
  2 steelbarb worms
  The ghost of knot the Cleaver, a novice DsBe of Trog (D:8)
  4 orb spiders (Spider:1)
  A lindwurm (Lair:4)
  A wizard (D:15)
  An orc knight (D:15)
  A necromancer (D:15)
  2 orc sorcerers
  3 deep elf pyromancers
  2 oklob plants (Lair:6)
  10 wolf spiders
  2 manticores (D:12)
  3 ugly things
  8 cyclopes
  2 moths of wrath (Spider:1)
  22 elephants
  9 black mambas
  2 torpor snails
  A naga mage (D:15)
  A gargoyle (D:14)
  Joseph (D:7)
  A guardian serpent (Lair:6)
  A cane toad (shapeshifter) (D:15)
  3 unseen horrors
  Maggie (Lair:1)
  A yaktaur (D:15)
  24 cane toads
  3 rime drakes (Lair:6)
  A tengu conjurer (D:14)
  13 komodo dragons
  An efreet (D:15)
  5 freezing wraiths
  4 demonic crawlers (Spider:1)
  A kobold demonologist (D:5)
  9 trolls
  3 meliai
  A polar bear (Lair:5)
  16 blink frogs
  2 hornets (Lair:6)
  11 tarantellas (Spider:1)
  Prince Ribbit (D:8)
  9 slime creatures
  17 dream sheep
  4 culicivoras (Spider:1)
  A jumping spider (shapeshifter) (D:14)
  A spriggan (Lair:5)
  4 flying skulls (Gauntlet)
  7 jumping spiders
  9 wyverns (Lair:6)
  36 yaks
  3 hogs (D:12)
  A shadow (D:13)
  3 wraiths
  6 basilisks
  25 redbacks
  14 vampire mosquitoes
  An acid dragon (D:9)
  20 water moccasins
  12 orc warriors
  3 black bears
  A necrophage (D:6)
  47 wolves
  A boggart (D:5)
  An ice beast (D:7)
  23 ogres
  8 centaurs
  A phantom (D:6)
  A kobold brigand (D:7)
  7 scorpions
  2 wyvern zombies (D:7)
  12 bullfrogs
  A wyvern skeleton (D:7)
  A hornet simulacrum (D:15)
  8 killer bees (D:9)
  9 wights
  6 howler monkeys
  5 centaur zombies
  7 orc priests
  3 hounds
  2 jellies
  2 bullfrog skeletons
  4 centaur skeletons
  A gnoll shaman (Orc:1)
  Ijyb (D:4)
  8 orc wizards
  A scorpion zombie (D:5)
  4 gnolls (Orc:1)
  7 adders
  A shadow imp (D:7)
  A white imp (D:5)
  35 orcs
  6 endoplasms
  2 giant cockroaches
  5 goblins
  5 hobgoblins
  14 jackals
  A quokka (D:4)
  4 ball pythons
  7 bats
  6 frilled lizards
  7 kobolds
  5 rats
  9 bushes
709 creatures vanquished.

Vanquished Creatures (collateral kills)
  Snorg (Lair:3)
  A rakshasa (D:14)
  2 death knights
  3 freezing wraiths (D:15)
7 creatures vanquished.

Vanquished Creatures (others)
  A two-headed ogre (D:11)
  An orc warrior (D:9)
  56 fungi
  82 plants
  6 withered plants (Lair:3)
146 creatures vanquished.

Grand Total: 862 creatures vanquished

Notes
Turn   | Place    | Note
-------+----------+-------------------------------------------
     0 | D:1      | knot the Demonspawn Berserker began the quest for the Orb.
     0 | D:1      | Reached XP level 1. HP: 18/18 MP: 1/1
   151 | D:1      | Reached skill level 3 in Axes
   230 | D:1      | Gained mutation: You regenerate magic rapidly. [demonic
                  | ancestry]
   230 | D:1      | Reached XP level 2. HP: 6/24 MP: 2/2
  1228 | D:2      | Reached skill level 4 in Axes
  1228 | D:2      | Gained mutation: Your touch may inflict minor irresistible
                  | damage on your foes. [demonic ancestry]
  1228 | D:2      | Reached XP level 3. HP: 22/29 MP: 3/3
  1761 | D:2      | Reached ** piety under Trog
  1925 | D:2      | Reached XP level 4. HP: 16/35 MP: 4/4
  2582 | D:3      | Noticed an ogre
  2592 | D:3      | Killed an ogre
  2593 | D:3      | Reached skill level 5 in Axes
  2593 | D:3      | Reached XP level 5. HP: 41/41 MP: 5/5
  2704 | D:3      | Found Daocsar's Antique Armour Emporium.
  3066 | D:4      | Reached skill level 6 in Axes
  3243 | D:4      | Found a staircase to the Ecumenical Temple.
  3288 | D:4      | Gained mutation: Your touch may inflict irresistible damage
                  | on your foes. [demonic ancestry]
  3288 | D:4      | Reached XP level 6. HP: 20/47 MP: 6/6
  3542 | D:4      | Noticed Dowan
  3543 | D:4      | Noticed Dowan
  3543 | D:4      | Dowan changed into Dowan the frilled lizard
  3544 | D:4      | Noticed Duvessa
  3546 | D:4      | Noticed Duvessa
  3546 | D:4      | Duvessa changed into Duvessa the scorpion
  3554 | D:4      | Killed Duvessa the scorpion
  3556 | D:4      | Killed Dowan the frilled lizard
  3844 | D:4      | Noticed Ijyb
  3853 | D:4      | Killed Ijyb
  4243 | D:5      | Entered Level 5 of the Dungeon
  4252 | D:5      | Noticed a kobold demonologist
  4262 | D:5      | Noticed a red devil
  4263 | D:5      | Noticed a ynoxinul
  4274 | D:5      | Killed a kobold demonologist
  4275 | D:5      | Reached skill level 7 in Axes
  4275 | D:5      | Gained mutation: When hurt, damage is shared between your
                  | health and your magic reserves. [demonic ancestry]
  4275 | D:5      | Reached XP level 7. HP: 4/52 MP: 7/7
  5439 | D:5      | Reached skill level 8 in Axes
  5439 | D:5      | Gained mutation: You regenerate a little health from kills.
                  | [demonic ancestry]
  5439 | D:5      | Reached XP level 8. HP: 52/58 MP: 6/8
  5859 | D:5      | Found a hide-covered altar of Uskayaw.
  6215 | D:6      | Reached skill level 5 in Throwing
  6881 | D:6      | Found an iron altar of Okawaru.
  6951 | D:6      | Reached skill level 9 in Axes
  7225 | D:7      | Noticed Joseph
  7241 | D:7      | Killed Joseph
  7242 | D:7      | Gained mutation: Your touch may irresistibly damage your
                  | foes and sap their willpower. [demonic ancestry]
  7242 | D:7      | Reached XP level 9. HP: 33/63 MP: 4/9
  9031 | D:7      | Found a sacrificial altar of Ru.
  9337 | D:8      | Reached skill level 10 in Axes
  9516 | D:8      | Noticed Erica
  9529 | D:8      | Killed Erica
  9695 | D:8      | Noticed Prince Ribbit
  9726 | D:8      | Killed Prince Ribbit
  9795 | D:8      | Found the +3 hat of Pondering {ponderous, Will+ MP+10
                  | Int+5}
  9799 | D:8      | Noticed Harold
  9816 | D:8      | Killed Harold
  9817 | D:8      | Reached XP level 10. HP: 32/70 MP: 5/10
 10146 | D:8      | Reached skill level 11 in Axes
 10622 | D:8      | Found Yhyquem's Self-Improvement Boutique.
 10709 | D:8      | Found a large runed translucent door.
 10709 | D:8      | Found a large runed translucent door.
 10710 | D:8      | Noticed knot's ghost (novice DsBe)
 11230 | D:8      | Noticed a two-headed ogre
 11243 | D:8      | Killed a two-headed ogre
 11562 | D:8      | Killed knot's ghost
 11977 | D:9      | Found a staircase to the Lair.
 11992 | D:9      | Reached skill level 12 in Axes
 13133 | D:10     | Entered Level 10 of the Dungeon
 13175 | D:10     | Found an ancient bone altar of Kikubaaqudgha.
 13187 | D:10     | Reached skill level 10 in Throwing
 13515 | D:3      | Bought a runed cloak for 150 gold pieces
 13515 | D:3      | Bought an ichor-stained chain mail for 190 gold pieces
 13515 | D:3      | Identified the +1 chain mail of Urghimes {Fly rPois rC+
                  | Slay-2 Stlth+} (You bought it in a shop on level 3 of the
                  | Dungeon)
 13678 | Lair:1   | Entered Level 1 of the Lair of Beasts
 13688 | Lair:1   | Noticed a black mamba
 13706 | Lair:1   | Killed a black mamba
 13707 | Lair:1   | Gained mutation: Your movements are slightly less
                  | encumbered by armour. (ER -2) [demonic ancestry]
 13707 | Lair:1   | Reached XP level 11. HP: 25/75 MP: 9/11
 15314 | Lair:1   | Reached skill level 13 in Axes
 15364 | Lair:1   | Noticed a five-headed hydra
 15505 | Lair:1   | Killed a one-headed hydra
 16472 | Lair:1   | Noticed Maggie
 16484 | Lair:1   | Killed Maggie
 16888 | Lair:2   | Reached skill level 14 in Axes
 17774 | Lair:2   | Found a staircase to the Swamp.
 17952 | Lair:2   | Reached skill level 15 in Axes
 17952 | Lair:2   | Gained mutation: When low on magic, you restore magic in
                  | place of health. [demonic ancestry]
 17952 | Lair:2   | Reached XP level 12. HP: 28/81 MP: 10/12
 18617 | Lair:2   | HP: 4/81 [poisoned by a cane toad]
 18921 | Lair:2   | Noticed a six-headed hydra
 18935 | Lair:2   | Killed a one-headed hydra
 19527 | Lair:3   | Noticed Snorg
 19538 | Lair:3   | Killed Snorg
 19546 | Lair:3   | Reached skill level 16 in Axes
 19817 | Lair:3   | Found a hole to the Spider Nest.
 20202 | Lair:3   | You fall into a shaft and drop 1 floor!
 20525 | Lair:3   | Noticed a seven-headed hydra
 20536 | Lair:3   | Killed a five-headed hydra
 20537 | Lair:3   | Reached skill level 17 in Axes
 20653 | Lair:3   | Found a runed translucent gate.
 20654 | Lair:3   | Found a runed translucent gate.
 20654 | Lair:3   | Found a runed translucent gate.
 20654 | Lair:3   | Noticed Xetequo's ghost (journeyman MiFi)
 20755 | Lair:3   | Noticed Caeppaus's ghost (journeyman GrFi)
 21272 | Lair:3   | Identified a scroll of acquirement
 21272 | Lair:3   | Acquired a +3 vorpal executioner's axe
 21598 | Lair:4   | Reached XP level 13. HP: 83/86 MP: 13/13
 21611 | Lair:4   | Reached *** piety under Trog
 22067 | Lair:4   | Reached skill level 18 in Axes
 23365 | Lair:5   | Identified the +1 leather armour "Gaecheitt" {SInv}
 23990 | D:10     | Reached skill level 19 in Axes
 24038 | D:10     | Found a hazy altar of Hepliaklqana.
 25017 | D:11     | You fall into a shaft and drop 3 floors!
 25200 | D:13     | HP: 5/129 [skeletal warrior[a death knight] (18)]
 27001 | D:12     | Gained mutation: Your movements are less encumbered by
                  | armour. (ER -4) [demonic ancestry]
 27001 | D:12     | Reached XP level 14. HP: 84/93 MP: 14/14
 27115 | D:12     | Reached skill level 20 in Axes
 27493 | D:12     | Noticed Kirke
 27514 | D:12     | Killed Kirke
 27811 | D:12     | Found a staircase to the Orcish Mines.
 28197 | D:12     | Reached **** piety under Trog
 29406 | Orc:1    | Entered Level 1 of the Orcish Mines
 29837 | Orc:2    | Entered Level 2 of the Orcish Mines
 30605 | Orc:2    | Reached skill level 21 in Axes
 31206 | Orc:2    | Found Isumof's Weapon Shoppe.
 31996 | Orc:2    | Found Pext's Antique Weapon Shop.
 32049 | Orc:2    | Found Cops's Armour Emporium.
 32050 | Orc:2    | Found Plog's Antique Weapon Shoppe.
 32122 | Orc:2    | Found a staircase to the Elven Halls.
 33563 | D:14     | Noticed an ironbound preserver
 33591 | D:14     | Killed an ironbound preserver
 34032 | D:14     | Found a gate to the Vaults.
 34443 | D:15     | Entered Level 15 of the Dungeon
 34443 | D:15     | Found a gate leading to a gauntlet.
 34457 | D:15     | Reached skill level 22 in Axes
 34476 | D:15     | Gained mutation: You regenerate health from kills. [demonic
                  | ancestry]
 34476 | D:15     | Reached XP level 15. HP: 93/98 MP: 15/15
 34477 | Gauntlet | Entered a Gauntlet
 34477 | Gauntlet | Found a transporter.
 34477 | Gauntlet | Found a transporter.
 34496 | Gauntlet | Found a transporter.
 34510 | Gauntlet | Found a transporter.
 34510 | Gauntlet | Found a transporter.
 34513 | Gauntlet | Found a transporter.
 34513 | Gauntlet | Found a transporter.
 34525 | Gauntlet | Found a transporter.
 34543 | Gauntlet | Found a transporter.
 34553 | Gauntlet | Found a transporter.
 34568 | Gauntlet | Found a transporter.
 34582 | Gauntlet | Found a transporter.
 34589 | Gauntlet | Found a transporter.
 34602 | Gauntlet | Found a transporter.
 34974 | Gauntlet | Identified the +1 scale mail of Wrong Decisions {Will+
                  | Str+2 Dex+3}
 36129 | D:15     | Found a staircase to the Depths.
 36201 | D:15     | Noticed a sphinx
 36872 | D:15     | Killed a sphinx
 36873 | D:15     | Reached skill level 23 in Axes
 37034 | D:15     | Found a shadowy altar of Dithmenos.
 37390 | D:15     | Found a shadowy altar of Dithmenos.
 37469 | D:15     | Found a staircase to the Depths.
 37958 | Lair:6   | Entered Level 6 of the Lair of Beasts
 38634 | Lair:6   | Found a staircase to the Slime Pits.
 38944 | Lair:6   | Paralysed by a hornet for 3 turns
 39179 | Lair:6   | Reached skill level 24 in Axes
 39179 | Lair:6   | Reached XP level 16. HP: 85/104 MP: 16/16
 39518 | Lair:6   | Reached ***** piety under Trog
 39735 | Lair:6   | Received a gift from Trog
 40829 | Spider:1 | Entered Level 1 of the Spider Nest
 43138 | Spider:1 | Reached skill level 25 in Axes
 44457 | Spider:1 | Identified the +1 cloak "Leseickes" {Harm +Blink Dex+3}
 44690 | Spider:1 | HP: 2/104 [disintegration (38)]
 44698 | Spider:1 | Blown up by an orb spider

Illustrated notes

Levels and vault maps discovered:
D:1:      lordsloth_arrival_two_stooges, layout_basic, grunt_decor_fettered,
          minmay_misc_feat_diagonals, nicolae_concentric_dashed_squares_wild
D:2:      layout_rooms, hangedman_decor_clover_reticule
D:3:      layout_basic, serial_shops, shop, kennysheep_path_1
D:4:      layout_rooms, temple_doors_e, uniq_duvessa, uniq_ijyb
D:5:      layout_loops_cross, nicolae_uskayaw_suspiria, item_on_display_a
D:6:      layout_rooms, nicolae_overflow_hidden_temple, grunt_ministairs_6
D:7:      layout_loops_ring, nicolae_ru_awakened_eye, palyth_stone_intersect,
          minmay_misc_feat_alley, minivault_27, uniq_joseph
D:8:      layout_loops_ring, ebering_ghost_disaster_area,
          nicolae_shop_self_help, uniq_harold, uniq_erica, uniq_prince_ribbit1
D:9:      layout_grid_maze, grunt_lair_entry_orc_guard_hut
D:10:     layout_loops_cross, mainiacjoe_overflow_alcove_2,
          kennysheep_little_box
D:11:     layout_rooms, lemuel_flamethrower_hall
D:12:     layout_grid_maze, orc_0_dummy, dreamdust_deal_with_the_devil,
          kennysheep_generic_room_15, uniq_kirke
D:13:     layout_basic
D:14:     layout_rooms, skrybe_vaults_entry_preservation,
          small_statue_intersection
D:15:     grunt_enter_depths_magical_seal, layout_rooms, gauntlet_entry_generic,
          nicolae_dithmenos_shadow_blocks, minmay_radiant
Lair:1:   layout_small_grid, minivault_27, grunt_forest_small_clearing_treed,
          uniq_maggie
Lair:2:   layout_cave_pods, swamp_mist_pool
Lair:3:   layout_cave_pods, dummy_spider_entry, gammafunk_ghost_cemetery,
          beast_lair_carwin_4, uniq_snorg
Lair:4:   layout_loops_ring, serial_forest, infiniplex_forest_clump_long,
          infiniplex_forest_clump_small, infiniplex_forest_3_way,
          infiniplex_forest_lined_1
Lair:5:   layout_layer_cave, serial_bayou_pond_d, grunt_forest_stairs_clearing
Lair:6:   hangedman_lair_tendril_chambers, layout_long_grid, slime_dummy,
          chequers_serial_rivers_micro_b, minmay_lair_oklob_bushes
Spider:1: cheibrodos_spider_silkery, nicolae_spider_moth_buddies
Orc:1:    layout_diamond_mine
Orc:2:    st_orc_open, layout_caves

Skill      XL: |  1  2  3  4  5  6  7  8  9 10 11 12 13 14 15 16 |
---------------+-------------------------------------------------+-----
Axes           | 3 4 5 6 7 8 9 10 12 15 17 19 22 24 25 | 25.2
Throwing       | 2 3 6 8 10 | 10.2
Fighting       | |  3.0
Armour         | |  1.7
Dodging        | |  1.7

Action                   |  1- 3 |  4- 6 |  7- 9 | 10-12 | 13-15 | 16-18 || total
-------------------------+-------+-------+-------+-------+-------+-------++-------
Melee: Hand axe          |   106 |   106 |   228 |   614 |       |       ||  1054
       Touch             |     4 |    19 |    45 |    95 |     7 |       ||   170
       Punch             |       |     3 |     5 |    10 |     1 |       ||    19
       Battleaxe         |       |       |       |   271 |   513 |       ||   784
       Scimitar          |       |       |       |    17 |    33 |       ||    50
       Executioner's axe |       |       |       |       |   641 |   419 ||  1060
Throw: Dart              |       |     1 |     7 |    13 |     7 |    12 ||    40
       Stone             |       |       |     8 |     7 |    17 |    27 ||    59
       Boomerang         |       |       |     4 |    86 |    54 |       ||   144
       Javelin           |       |       |       |       |       |     4 ||     4
Invok: Berserk           |     2 |     6 |    19 |    19 |    30 |     7 ||    83
       Trog's Hand       |       |       |       |     2 |     3 |     2 ||     7
       Brothers in Arms  |       |       |       |       |     3 |       ||     3
Evoke: Wand              |       |     4 |     4 |     2 |     8 |     1 ||    19
  Use: Potion            |       |       |     1 |     2 |     7 |     5 ||    15
       Scroll            |       |       |       |    14 |    20 |     5 ||    39
 Stab: Sleeping          |     1 |     1 |       |       |     3 |       ||     5
       Distracted        |       |       |       |     2 |       |       ||     2
       Paralysed         |       |       |       |       |     2 |       ||     2
Armor: Animal skin       |    29 |     9 |    22 |       |       |       ||    60
       Robe              |       |       |     7 |    42 |    10 |       ||    59
       Chain mail        |       |       |       |   208 |   395 |   313 ||   916
       Troll leather arm |       |       |       |    63 |    79 |       ||   142
       Skin              |       |       |       |     9 |       |       ||     9
       Leather armour    |       |       |       |       |    75 |       ||    75
Dodge: Dodged            |    87 |    59 |   104 |   331 |   506 |   157 ||  1244
Block: Other             |    23 |    14 |    41 |   168 |   269 |    95 ||   610
       Reflection        |       |       |     1 |       |    11 |     1 ||    13

Table legend: (Time is in decaauts)
 A = Elapsed time spent in this place.
 B = Non-inter-level travel time spent in this place.
 C = Inter-level travel time spent in this place.
 D = Time resting spent in this place.
 E = Time spent auto-exploring this place.
 F = Levels seen in this place.
 G = Mean time per level.
                   A        B        C        D        E       F      G
               +--------+--------+--------+--------+--------+-----+--------+
         Total |  46197 |  44314 |   1883 |  19836 |  18865 |  25 | 1847.9 |
       Dungeon |  25242 |  24150 |   1092 |  10581 |  10933 |  15 | 1682.8 |
          Lair |  15589 |  14915 |    674 |   7008 |   6056 |   6 | 2598.2 |
   Spider Nest |   1563 |   1544 |     19 |    301 |    700 |   1 | 1563.0 |
  Orcish Mines |   3217 |   3120 |     97 |   1770 |   1030 |   2 | 1608.5 |
      Gauntlet |    585 |    585 |      0 |    175 |    145 |   1 |  585.0 |
               +--------+--------+--------+--------+--------+-----+--------+

Top non-repeatable levels by time:
  Lair:3: 4344 daAuts
  Lair:1: 3271 daAuts
    D:13: 3051 daAuts
  Lair:2: 2691 daAuts
  Lair:6: 2471 daAuts
     D:8: 2454 daAuts
    D:15: 2263 daAuts
    D:14: 2094 daAuts
   Orc:1: 2047 daAuts
     D:7: 2010 daAuts
    D:12: 1916 daAuts
     D:9: 1855 daAuts
     D:5: 1853 daAuts
  Lair:5: 1668 daAuts
Spider:1: 1563 daAuts
